| TOP OF THE 1ST |
|
Atlanta (MID) Braves batting - Pitching for Kane County Cougars : RHP Reynaldo Edwards
|
|
Pitching: RHP Reynaldo Edwards
|
|
|
Batting: RHB Toki Takeuchi
|
0-0: Swinging Strike 0-1: Ball 1-1: Foul Ball, location: 2F 1-2: Ball 2-2: Strikes out swinging
|
|
Batting: RHB Nick Holsinger
|
0-0: Ball 1-0: Ball 2-0: Foul Ball, location: 2F 2-1: Foul Ball, location: 2F 2-2: Fly out, F7 (Flyball, 7D, EV 103.8 MPH)
|
|
Batting: SHB Richello Badua
|
0-0: Ball 1-0: Ground out 4-3 (Groundball, 34, EV 111.2 MPH)
|
| Top of the 1st over - 0 runs, 0 hits, 0 errors, 0 left on base; Atlanta (MID) 0 - Kane County 0 |
| BOTTOM OF THE 1ST |
|
Kane County Cougars batting - Pitching for Atlanta (MID) Braves : RHP Ruben Valle
|
|
Pitching: RHP Ruben Valle
|
|
|
Batting: RHB Francisco Gutierrez
|
0-0: Ground out 6-3 (Groundball, 6, EV 88.8 MPH)
|
|
Batting: SHB Blaine Peters
|
0-0: Called Strike 0-1: Ball 1-1: Ball 2-1: Ball 3-1: Ground out 4-3 (Groundball, 4, EV 86.9 MPH)
|
|
Batting: RHB Chad Mendoza
|
0-0: Ground out U3 (Groundball, 34S, EV 78.1 MPH)
|
| Bottom of the 1st over - 0 runs, 0 hits, 0 errors, 0 left on base; Atlanta (MID) 0 - Kane County 0 |
| TOP OF THE 2ND |
|
Atlanta (MID) Braves batting - Pitching for Kane County Cougars : RHP Reynaldo Edwards
|
|
Batting: RHB Zheng-ze King
|
0-0: Ball 1-0: Ground out 6-3 (Groundball, 6, EV 100.6 MPH)
|
|
Batting: LHB Oke Monti
|
0-0: Called Strike 0-1: Ball 1-1: Foul Ball, location: 2F 1-2: Strikes out swinging
|
|
Batting: LHB Ryan Murdock
|
0-0: Fly out, F8 (Line Drive, 78M, EV 103.8 MPH)
|
| Top of the 2nd over - 0 runs, 0 hits, 0 errors, 0 left on base; Atlanta (MID) 0 - Kane County 0 |
| BOTTOM OF THE 2ND |
|
Kane County Cougars batting - Pitching for Atlanta (MID) Braves : RHP Ruben Valle
|
|
Batting: LHB J.P. Olson
|
0-0: Ground out 4-3 (Groundball, 4, EV 85.0 MPH)
|
|
Batting: RHB Longfellow Wetzler
|
0-0: Ball 1-0: Foul Ball, location: 2F 1-1: Fly out, F7 (Line Drive, 78M, EV 104.4 MPH)
|
|
Batting: RHB D.J. Cooke
|
0-0: Called Strike 0-1: Ball 1-1: Swinging Strike 1-2: Strikes out looking
|
| Bottom of the 2nd over - 0 runs, 0 hits, 0 errors, 0 left on base; Atlanta (MID) 0 - Kane County 0 |
| TOP OF THE 3RD |
|
Atlanta (MID) Braves batting - Pitching for Kane County Cougars : RHP Reynaldo Edwards
|
|
Batting: LHB Joe Phillips
|
0-0: Ground out 6-3 (Groundball, 56D, EV 99.4 MPH)
|
|
Batting: RHB Badr al Din Ridha
|
0-0: Called Strike 0-1: Ground out U3 (Groundball, 13, EV 85.6 MPH)
|
|
Batting: LHB Malik Boulay
|
0-0: Ball 1-0: Called Strike 1-1: Swinging Strike 1-2: Ball 2-2: Ball 3-2: Base on Balls
|
|
Batting: RHB Toki Takeuchi
|
0-0: Ball 1-0: Ball 2-0: Foul Ball, location: 2F 2-1: Ground out 5-3 (Groundball, 56S, EV 74.4 MPH)
|
| Top of the 3rd over - 0 runs, 0 hits, 0 errors, 1 left on base; Atlanta (MID) 0 - Kane County 0 |
| BOTTOM OF THE 3RD |
|
Kane County Cougars batting - Pitching for Atlanta (MID) Braves : RHP Ruben Valle
|
|
Batting: RHB Dustin Legault
|
0-0: Ball 1-0: Ball 2-0: Foul Ball, location: 2F 2-1: Foul Ball, location: 2F 2-2: Strikes out swinging
|
|
Batting: RHB Sergio Manzanero
|
0-0: Called Strike 0-1: Ball 1-1: Ground out 4-3 (Groundball, 4S, EV 62.5 MPH)
|
|
Batting: RHB Gary Hills
|
0-0: Ball 1-0: Swinging Strike 1-1: Ball 2-1: Ball 3-1: Base on Balls
|
|
Batting: RHB Francisco Gutierrez
|
0-0: Swinging Strike 0-1: Ball 1-1: Ball 2-1: Called Strike 2-2: Strikes out looking
|
| Bottom of the 3rd over - 0 runs, 0 hits, 0 errors, 1 left on base; Atlanta (MID) 0 - Kane County 0 |
| TOP OF THE 4TH |
|
Atlanta (MID) Braves batting - Pitching for Kane County Cougars : RHP Reynaldo Edwards
|
|
Batting: RHB Nick Holsinger
|
0-0: Called Strike 0-1: DOUBLE (Line Drive, 7LS, EV 101.9 MPH)
|
|
Batting: SHB Richello Badua
|
0-0: Fly out, F6 (Popup, 6D, EV 63.1 MPH)
|
|
Batting: RHB Zheng-ze King
|
0-0: Foul Ball, location: 2F 0-1: Ball 1-1: Foul Ball, location: 2F 1-2: Strikes out swinging
|
|
Batting: LHB Oke Monti
|
0-0: Called Strike 0-1: SINGLE (Line Drive, 89S, EV 110.6 MPH) Nick Holsinger to third
|
|
Batting: LHB Ryan Murdock
|
0-0: DOUBLE (Groundball, 5L, EV 110.0 MPH) Nick Holsinger scores Oke Monti to third Runner from 3rd tries for Home, throw by LF and OUT! 7-6-2
|
| Top of the 4th over - 1 run, 3 hits, 0 errors, 1 left on base; Atlanta (MID) 1 - Kane County 0 |
| BOTTOM OF THE 4TH |
|
Kane County Cougars batting - Pitching for Atlanta (MID) Braves : RHP Ruben Valle
|
|
Batting: SHB Blaine Peters
|
0-0: Fly out, F8 (Flyball, 78S, EV 83.8 MPH)
|
|
Batting: RHB Chad Mendoza
|
0-0: Swinging Strike 0-1: Ball 1-1: Ball 2-1: Fly out, F7 (Flyball, 7D, EV 107.5 MPH)
|
|
Batting: LHB J.P. Olson
|
0-0: DOUBLE (Flyball, 8RXD, EV 93.8 MPH)
|
|
Batting: RHB Longfellow Wetzler
|
0-0: Ball 1-0: Called Strike 1-1: Ball 2-1: Foul Ball, location: 2F 2-2: Strikes out swinging
|
| Bottom of the 4th over - 0 runs, 1 hit, 0 errors, 1 left on base; Atlanta (MID) 1 - Kane County 0 |
| TOP OF THE 5TH |
|
Atlanta (MID) Braves batting - Pitching for Kane County Cougars : RHP Reynaldo Edwards
|
|
Batting: LHB Joe Phillips
|
0-0: Foul Ball, location: 2F 0-1: Foul Ball, location: 2F 0-2: Strikes out swinging, 2-3 out at first.
|
|
Batting: RHB Badr al Din Ridha
|
0-0: Foul Ball, location: 2F 0-1: Ball 1-1: Hit by Pitch
|
|
Batting: LHB Malik Boulay
|
0-0: Ball Badr al Din Ridha is caught stealing 2nd base 2-6 1-0: Swinging Strike 1-1: Foul Ball, location: 2F 1-2: SINGLE (Line Drive, 34, EV 96.2 MPH)
|
|
Batting: RHB Toki Takeuchi
|
0-0: Called Strike Malik Boulay is caught stealing 2nd base 2-4
|
| Top of the 5th over - 0 runs, 1 hit, 0 errors, 0 left on base; Atlanta (MID) 1 - Kane County 0 |
| BOTTOM OF THE 5TH |
|
Kane County Cougars batting - Pitching for Atlanta (MID) Braves : RHP Ruben Valle
|
|
Batting: RHB D.J. Cooke
|
0-0: Called Strike 0-1: Ball 1-1: Foul Ball, location: 2F 1-2: Strikes out looking
|
|
Batting: RHB Dustin Legault
|
0-0: Ball 1-0: Ball 2-0: Ball 3-0: Foul Ball, location: 2F 3-1: Foul Ball, location: 2F 3-2: Base on Balls
|
|
Batting: RHB Sergio Manzanero
|
0-0: Ball 1-0: Called Strike 1-1: Ball 2-1: Foul Ball, location: 2F 2-2: Strikes out looking
|
|
Batting: RHB Gary Hills
|
0-0: Called Strike 0-1: Fielders Choice at 2nd, 6-4 (Groundball, 6D, EV 107.5 MPH)
|
| Bottom of the 5th over - 0 runs, 0 hits, 0 errors, 1 left on base; Atlanta (MID) 1 - Kane County 0 |
| TOP OF THE 6TH |
|
Atlanta (MID) Braves batting - Pitching for Kane County Cougars : RHP Reynaldo Edwards
|
|
Batting: RHB Toki Takeuchi
|
0-0: Ball 1-0: Called Strike 1-1: Foul Ball, location: 2F 1-2: Ball 2-2: Ball 3-2: Foul Ball, location: 2F 3-2: Base on Balls
|
|
Batting: RHB Nick Holsinger
|
0-0: Called Strike Toki Takeuchi steals 2nd base 0-1: Foul Ball, location: 2F 0-2: Ball 1-2: Ball 2-2: Ball 3-2: Base on Balls
|
|
Batting: SHB Richello Badua
|
0-0: Ball 1-0: Ball 2-0: Ball 3-0: Called Strike 3-1: Called Strike 3-2: Base on Balls Toki Takeuchi to third Nick Holsinger to second
|
|
Batting: RHB Zheng-ze King
|
0-0: Called Strike 0-1: Ball 1-1: Ball 2-1: Called Strike 2-2: Fielders Choice at 2nd, 3-6 (Groundball, 34, EV 103.8 MPH) Toki Takeuchi scores Nick Holsinger to third
|
|
Batting: LHB Oke Monti
|
0-0: SINGLE (Groundball, 34D, EV 105.6 MPH) Nick Holsinger scores Zheng-ze King to second Runner from 2nd tries for 3rd, OUT! 9-5
|
|
Batting: LHB Ryan Murdock
|
0-0: Ball 1-0: Ball 2-0: Called Strike 2-1: Called Strike 2-2: Fielders Choice at 2nd, 6-4 (Groundball, 6, EV 81.2 MPH)
|
| Top of the 6th over - 2 runs, 1 hit, 0 errors, 1 left on base; Atlanta (MID) 3 - Kane County 0 |
| BOTTOM OF THE 6TH |
|
Kane County Cougars batting - Pitching for Atlanta (MID) Braves : RHP Ruben Valle
|
|
Batting: RHB Francisco Gutierrez
|
0-0: Ball 1-0: SINGLE (Groundball, 4MD, EV 103.8 MPH)
|
|
Batting: SHB Blaine Peters
|
0-0: Called Strike Francisco Gutierrez steals 2nd base 0-1: Ball 1-1: Ball 2-1: Swinging Strike 2-2: Strikes out swinging
|
|
Batting: RHB Chad Mendoza
|
0-0: Ground out 6-3 (Groundball, 6, EV 87.5 MPH) Francisco Gutierrez to third
|
|
Batting: LHB J.P. Olson
|
0-0: Called Strike 0-1: Swinging Strike 0-2: Strikes out swinging
|
| Bottom of the 6th over - 0 runs, 1 hit, 0 errors, 1 left on base; Atlanta (MID) 3 - Kane County 0 |
| TOP OF THE 7TH |
|
Atlanta (MID) Braves batting - Pitching for Kane County Cougars : RHP Reynaldo Edwards
|
|
Batting: LHB Joe Phillips
|
0-0: Fly out, F1 (Popup, P, EV 83.1 MPH)
|
|
Batting: RHB Badr al Din Ridha
|
0-0: Called Strike 0-1: Ball 1-1: Foul Ball, location: 2F 1-2: Foul Ball, location: 2F 1-2: Fly out, F7 (Line Drive, 7LM, EV 92.5 MPH)
|
|
Batting: LHB Malik Boulay
|
0-0: Ground out 5-3 (Groundball, 5, EV 84.4 MPH)
|
| Top of the 7th over - 0 runs, 0 hits, 0 errors, 0 left on base; Atlanta (MID) 3 - Kane County 0 |
| BOTTOM OF THE 7TH |
|
Kane County Cougars batting - Pitching for Atlanta (MID) Braves : RHP Ruben Valle
|
|
Batting: RHB Longfellow Wetzler
|
0-0: Called Strike 0-1: Ball 1-1: Ball 2-1: Foul Ball, location: 2F 2-2: Foul Ball, location: 2F 2-2: DOUBLE (Flyball, 8LXD, EV 108.8 MPH)
|
|
Batting: RHB D.J. Cooke
|
0-0: Called Strike 0-1: Ball 1-1: Ball 2-1: Foul Ball, location: 2F 2-2: Strikes out swinging
|
|
Pitching: LHP Justin Hawk
|
|
|
Batting: RHB Dustin Legault
|
0-0: Called Strike 0-1: Ball 1-1: Foul Ball, location: 2F 1-2: Strikes out swinging
|
|
Batting: RHB Sergio Manzanero
|
0-0: Ball 1-0: Swinging Strike 1-1: Foul Ball, location: 2F 1-2: Foul Ball, location: 2F 1-2: Fly out, F8 (Flyball, 8RM, EV 92.5 MPH)
|
| Bottom of the 7th over - 0 runs, 1 hit, 0 errors, 1 left on base; Atlanta (MID) 3 - Kane County 0 |
| TOP OF THE 8TH |
|
Atlanta (MID) Braves batting - Pitching for Kane County Cougars : RHP Reynaldo Edwards
|
|
Batting: RHB Toki Takeuchi
|
0-0: Foul Ball, location: 2F 0-1: Ball 1-1: Reached on error, E5 (Groundball, 56S, EV 71.2 MPH)
|
|
Batting: RHB Nick Holsinger
|
0-0: Grounds into double play, 3-6-3 (Groundball, 3, EV 88.8 MPH)
|
|
Batting: SHB Richello Badua
|
0-0: Ball 1-0: SINGLE (Groundball, 56D, EV 110.0 MPH)
|
|
Batting: RHB Zheng-ze King
|
0-0: Ground out 4-3 (Groundball, 13, EV 93.8 MPH)
|
| Top of the 8th over - 0 runs, 1 hit, 1 error, 1 left on base; Atlanta (MID) 3 - Kane County 0 |
| BOTTOM OF THE 8TH |
|
Kane County Cougars batting - Pitching for Atlanta (MID) Braves : LHP Justin Hawk
|
|
Pitching: LHP Darius Brown
|
|
|
Batting: RHB Gary Hills
|
0-0: Foul Ball, location: 2F 0-1: Called Strike 0-2: Ball 1-2: Ball 2-2: Strikes out swinging
|
|
Batting: RHB Francisco Gutierrez
|
0-0: Called Strike 0-1: Swinging Strike 0-2: Foul Ball, location: 2F 0-2: Ball 1-2: Strikes out looking
|
|
Batting: SHB Blaine Peters
|
0-0: SINGLE (Groundball, 6D, EV 97.5 MPH)
|
|
Batting: RHB Chad Mendoza
|
0-0: Ball 1-0: Ball Wild Pitch! Blaine Peters to second 2-0: Foul Ball, location: 2F 2-1: Ball 3-1: Foul Ball, location: 2F 3-2: Ground out 4-3 (Groundball, 4, EV 93.1 MPH)
|
| Bottom of the 8th over - 0 runs, 1 hit, 0 errors, 1 left on base; Atlanta (MID) 3 - Kane County 0 |
| TOP OF THE 9TH |
|
Atlanta (MID) Braves batting - Pitching for Kane County Cougars : RHP Reynaldo Edwards
|
|
Batting: LHB Oke Monti
|
0-0: Foul Ball, location: 2F 0-1: Ball 1-1: SINGLE (Line Drive, 6MD, EV 104.4 MPH)
|
|
Batting: LHB Ryan Murdock
|
0-0: Ball 1-0: Called Strike 1-1: Swinging Strike 1-2: Ball 2-2: Strikes out swinging
|
|
Batting: LHB Joe Phillips
|
0-0: SINGLE (Groundball, 34D, EV 98.8 MPH) Oke Monti to second Oke Monti to third
|
|
Pitching: LHP Jeff Haight
|
|
|
Batting: RHB Badr al Din Ridha
|
0-0: Foul Ball, location: 2F 0-1: Fielders Choice at 2nd, 5-4 (Groundball, 56, EV 103.1 MPH) Oke Monti scores
|
|
Batting: LHB Malik Boulay
|
0-0: Ball 1-0: Ball 2-0: Foul Ball, location: 2F 2-1: Swinging Strike 2-2: Strikes out swinging
|
| Top of the 9th over - 1 run, 2 hits, 0 errors, 1 left on base; Atlanta (MID) 4 - Kane County 0 |
| BOTTOM OF THE 9TH |
|
Kane County Cougars batting - Pitching for Atlanta (MID) Braves : LHP Darius Brown
|
|
Pitching: RHP Jeremy Armstrong
|
|
|
Batting: LHB J.P. Olson
|
0-0: Ball 1-0: Called Strike 1-1: Fly out, F8 (Flyball, 89S, EV 89.4 MPH)
|
|
Batting: RHB Longfellow Wetzler
|
0-0: Called Strike 0-1: Ball 1-1: Called Strike 1-2: Strikes out swinging
|
|
Batting: RHB D.J. Cooke
|
0-0: Foul Ball, location: 2F 0-1: SINGLE (Line Drive, 5D, EV 106.9 MPH)
|
|
Batting: RHB Dustin Legault
|
0-0: Ball 1-0: Ball 2-0: Called Strike 2-1: Foul Ball, location: 2F 2-2: Fly out, F7 (Flyball, 78M, EV 83.1 MPH)
|
| Bottom of the 9th over - 0 runs, 1 hit, 0 errors, 1 left on base; Atlanta (MID) 4 - Kane County 0 |
|